 Dungeon Crawl Stone Soup version 0.21.1-1-g345015f (webtiles) character file.

38 n0claF the Caller (level 3, -8/19 HPs)
             Began as a Deep Elf Summoner on July 4, 2018.
             Killed by divine providence
             ... invoked by an orc priest
              (14 damage)
             ... on level 3 of the Dungeon.
             The game lasted 00:06:39 (2125 turns).

n0claF the Caller (Deep Elf Summoner)               Turns: 2125, Time: 00:06:40

Health: -8/19      AC:  3    Str:  5    XL:     3   Next: 25%
Magic:  4/9        EV: 13    Int: 20    God:
Gold:   128        SH:  0    Dex: 15    Spells: 2/8 levels left

rFire    . . .     SeeInvis .   (no weapon)
rCold    . . .     Gourm    .   (no shield)
rNeg     . . .     Faith    .   a - +1 robe
rPois    .         Spirit   .   (no helmet)
rElec    .         Reflect  .   (no cloak)
rCorr    .         Harm     .   (no gloves)
MR       .....                  (no boots)
Stlth    ++........             (no amulet)
HPRegen  0.06/turn              (no ring)
MPRegen  0.11/turn              (no ring)

@: no status effects
A: no striking features
a: no special abilities


You were on level 3 of the Dungeon.
You were not hungry.

You visited 1 branch of the dungeon, and saw 3 of its levels.

You collected 128 gold pieces.

Inventory:

Armour
 a - a +1 robe (worn)
Jewellery
 i - an uncursed ring of protection from fire {unknown}
   (You found it on level 2 of the Dungeon)
Scrolls
 j - a scroll of identify {@r1}
Potions
 c - a potion of resistance {unknown}
 f - 2 potions of heal wounds {unknown}
 g - a potion of agility {unknown}
 h - 2 potions of curing {@q1}
 k - 3 potions of lignification {!q}
 l - 2 potions of ambrosia {unknown}
 m - a potion of cancellation {unknown}
Books
 b - a book of Callings
Comestibles
 d - 2 chunks of flesh
 e - 3 rations {!d}


   Skills:
 - Level 2.4 Dodging
 - Level 2.4 Stealth
 - Level 3.0 Spellcasting
 * Level 5.6 Summonings


You had 2 spell levels left.
You knew the following spells:

 Your Spells              Type           Power        Failure   Level  Hunger
a - Summon Small Mammal   Summ           ####         1%          1    None
b - Call Imp              Summ           ####....     1%          2    ##.....
c - Call Canine Familiar  Summ           ####....     4%          3    ###....


Dungeon Overview and Level Annotations

Branches:
Dungeon (3/15)

Altars:


Message History

Gang up on whom?
Aim: a giant cockroach (clinging) Attack!
Your hound bites the giant cockroach.
The giant cockroach barely misses your hound.
Your quokka disappears in a puff of smoke!
Your hound barely misses the giant cockroach.
The giant cockroach closely misses your hound.
Your hound closely misses the giant cockroach.
The giant cockroach bites your hound but does no damage.
Your hound barely misses the giant cockroach.
The giant cockroach closely misses your hound.
Your hound bites the giant cockroach.
The giant cockroach dies!
You swap places.
You hear the rapid rusting of a very distant drain. 3 orcs come into view.
The orc priest shouts!
You swap places.
Something hits your hound!
Your hound closely misses the orc.
The orc hits your hound with a falchion.
Found 21 stones.
Your hound barely misses the orc. x2; The orc closely misses your hound.
Your hound barely misses the orc.
Your hound barely misses the orc.
The orc closely misses your hound.
The orc priest calls down the wrath of Beogh upon you.
Beogh smites you!
Ouch! That really hurt!
* * * LOW HITPOINT WARNING * * *
Your hound barely misses the orc.
Something closely misses your hound. Something closely misses your quokka.
Your quokka misses the orc.
The orc hits your quokka with a falchion.
Your quokka bites the orc.
Your hound bites the orc.
Your hound bites the orc.
The orc hits your quokka with a falchion.
Your quokka dies!
Your quokka's corpse disappears in a puff of smoke!
Your hound bites the orc.
The orc hits your hound with a falchion!
Your hound dies!
Your hound's corpse disappears in a puff of smoke!
Your quokka bites the orc.
The orc dies!
The orc priest mumbles some strange prayers to Beogh against you.
Beogh smites you!
Ouch! That really hurt!
You die...

######.......#.#
#...##.......# ..
#...###......####.#
#.÷..<....#.......#
#...#.÷.÷.#.#####.#
+...'.......#
#...#######.##
+............h#
##...#######@.#
##+#### #...# #b.#
....... ##### #..#
.o.....
##r##.......
#..#.o.....
#..#.o..... #..o#
#.#........
#.#........


You could see an orc priest, a friendly hound, a friendly quokka and a friendly
bat.

Vanquished Creatures
  A hobgoblin (D:1)
1 creature vanquished.

Vanquished Creatures (collateral kills)
  An adder (D:3)
  2 dart slugs
  2 leopard geckos
  An orc (D:3)
  A ball python (D:3)
  2 giant cockroaches
  6 goblins
  7 hobgoblins
  3 kobolds
  3 quokkas
  4 bats
  5 frilled lizards
  6 rats
43 creatures vanquished.

Grand Total: 44 creatures vanquished

Notes
Turn   | Place    | Note
-------+----------+-------------------------------------------
     0 | D:1      | n0claF the Deep Elf Summoner began the quest for the Orb.
     0 | D:1      | Reached XP level 1. HP: 10/10 MP: 6/6
   407 | D:1      | Reached XP level 2. HP: 15/15 MP: 5/8
   602 | D:1      | Reached skill level 5 in Summonings
  1549 | D:3      | Learned a level 2 spell: Call Imp
  1961 | D:3      | Reached XP level 3. HP: 8/19 MP: 4/9
  2084 | D:3      | Learned a level 3 spell: Call Canine Familiar
  2125 | D:3      | Killed from afar by an orc priest

Skill      XL: |  1  2 |
---------------+-------+-----
Summonings     | 5 |  5.6
Dodging        | |  2.4
Stealth        | |  2.4
Spellcasting   | |  3.0

Action                   || total
-------------------------++-------
Melee: Unarmed           ||     5
 Cast: Summon Small Mamm ||   112
       Call Canine Famil ||     2
  Use: Scroll            ||     2
       Potion            ||     1
 Stab: Distracted        ||     1
  Eat: Chunk             ||     4
Armor: Robe              ||     5
Dodge: Dodged            ||    39
